 Dungeon Crawl Stone Soup version 0.23.2-33-g5129a83184 (webtiles) character file.

Game seed: 15958277021455022697

25804 Felnil the Warrior (level 12, -1/121 HPs)
             Began as a Mummy Fighter on Aug 12, 2019.
             Was the Champion of Ru.
             Slain by an orc warrior
             ... wielding a +0 hand axe
              (7 damage)
             ... on level 2 of the Orcish Mines.
             The game lasted 01:11:15 (30128 turns).

Felnil the Warrior (Mummy Fighter)                 Turns: 30128, Time: 01:11:16

Health: -1/121     AC: 19    Str: 24    XL:     12   Next: 92%
Magic:  9/12       EV:  5    Int: 13    God:    Ru [******]
Gold:   1412       SH: 12    Dex: 11    Spells: 11/11 levels left

rFire    x x .     SeeInvis .   h - +3 short sword (distort)
rCold    . . .     Gourm    .   c - +0 shield
rNeg     + + +     Faith    .   m - +5 plate armour
rPois    ∞         Spirit   .   (no helmet)
rElec    .         Reflect  +   (no cloak)
rCorr    +         Harm     .   d - +0 pair of gloves
MR       .....                  v - +2 pair of boots of Anegor {+Fly Int+5}
Stlth    ..........             s - +4 amulet of reflection
HPRegen  0.30/turn              i - ring of resist corrosion
MPRegen  0.13/turn              t - +2 ring of evasion

@: exhausted, about to teleport, studying Short Blades, drained
A: no food or potions, fire vulnerability, cold resistance 1, negative energy
resistance 3, torment resistance, unbreathing, hated by all, no fire magic, no
necromancy magic, no summoning magic, magic vulnerability 1, temperature
sensitive
a: Draw Out Power, Power Leap, Apocalypse, Renounce Religion, Evoke Flight


You were on level 2 of the Orcish Mines.
You worshipped Ru.
Ru was exalted by your worship.
You were not hungry.

You visited 3 branches of the dungeon, and saw 14 of its levels.
You also visited: Bailey.

You collected 1412 gold pieces.

Inventory:

Hand Weapons
 a - a +0 rapier
 h - a +3 short sword of distortion (weapon)
 q - a +1 hand axe of chopping
 u - a +1 long sword of protection
 x - a +0 triple sword of flaming
Missiles
 f - 27 tomahawks (quivered)
 C - 69 tomahawks of returning
Armour
 c - a +0 shield (worn)
 d - a +0 pair of gloves (worn)
 m - a +5 plate armour (worn)
 v - the +2 pair of boots of Anegor (worn) {+Fly Int+5}
   (You found it on level 4 of the Dungeon)

   It affects your intelligence (+5).
   It lets you fly.
Jewellery
 b - an uncursed amulet of guardian spirit
 i - a ring of resist corrosion (left hand)
 s - a +4 amulet of reflection (around neck)
 t - a +2 ring of evasion (right hand)
 w - an uncursed ring of wizardry
 D - an uncursed ring of wizardry
 E - an uncursed ring of ice
Wands
 l - a wand of polymorph (6)
 o - a wand of paralysis (8)
 B - a wand of flame (15)
Scrolls
 e - 4 scrolls of teleportation
 k - 2 scrolls of remove curse
 n - 4 scrolls of amnesia
 p - 4 scrolls of blinking
 r - 4 scrolls of magic mapping
 y - a scroll of fear
 A - 2 scrolls of fog
Books
 j - a manual of Short Blades


   Skills:
 + Level 20.1(18.8) Fighting
 - Level 1.5(0.7) Short Blades
 - Level 2.4(1.5) Armour
 - Level 2.4(1.5) Shields


You had 11 spell levels left.
You didn't know any spells.
Your spell library contained the following spells:

 Spells                   Type           Power        Failure   Level  Hunger
 Magic Dart               Conj           #...         100%        1    N/A
 Sting                    Conj/Pois      #...         100%        1    N/A
 Blink                    Tloc           N/A          100%        2    N/A
 Poisonous Vapours        Pois/Air       #.....       100%        2    N/A
 Slow                     Hex            #.......     100%        2    N/A
 Mephitic Cloud           Conj/Pois/Air  #.......     100%        3    N/A
 Olgreb's Toxic Radiance  Pois           #.......     100%        4    N/A
 Iskenderun's Battlesphe  Conj/Chrm      #.......     100%        5    N/A
 Venom Bolt               Conj/Pois      #.........   100%        5    N/A
 Iron Shot                Conj/Erth      #.........   100%        6    N/A
 Orb of Destruction       Conj           #.........   100%        7    N/A
 Call Imp                 Summ           Unusable     N/A         2    N/A
 Conjure Flame            Conj/Fire      Unusable     N/A         3    N/A
 Bolt of Magma            Conj/Fire/Erth Unusable     N/A         5    N/A
 Spellforged Servitor     Conj/Summ      Unusable     N/A         7    N/A

Dungeon Overview and Level Annotations

Branches:
Dungeon (11/15)            Temple (1/1) D:5            Lair (0/6) D:11
    Orc (2/2) D:11            Elf (0/3) Orc:2

Altars:
Ashenzari
Cheibriados
Dithmenos
Elyvilon
Fedhas
Gozag
Hepliaklqana
Kikubaaqudgha
Makhleb
Nemelex Xobeh
Okawaru
Qazlal
Ru
Sif Muna
Trog
Uskayaw
Vehumet
Wu Jian
Xom
Yredelemnul
Zin
The Shining One
Beogh

Shops:
D:4 %   D:10 %

Annotations:
D:5 NeAGen181's ghost, amateur HOFi
Orc:2 Donald; Urug


Innate Abilities, Weirdness & Mutations

You do not eat or drink.
Your flesh is vulnerable to fire.
You are immune to poison.
Your flesh is cold resistant. (rC+)
You are immune to negative energy. (rN+++)
You are immune to unholy pain and torment.
You can survive without breathing.
You are hated by all.
You cannot study or cast Fire magic.
You cannot study or cast Necromancy magic.
You cannot study or cast Summoning magic.
You are slightly vulnerable to magic. (MR-)
You are sensitive to extremes of temperature. (rF-, rC-)


Message History

The orc warrior is heavily wounded.
The orc warrior hits you but does no damage.
You redirect the orc knight's attack!
The orc knight barely misses you.
You hit the orc warrior.
Space bends around the orc warrior.
The orc warrior is severely wounded.
You block the orc warrior's attack.
The orc knight hits you with a +0 great mace!
The orc priest calls down the wrath of Beogh upon you.
Beogh smites you!
* * * LOW HITPOINT WARNING * * *
As you read the scroll of teleportation, it crumbles to dust.
You feel strangely unstable.
The orc warrior hits you but does no damage.
You barely miss the orc warrior.
The orc warrior is severely wounded.
The orc knight hits you with a +0 great mace!!
* * * LOW HITPOINT WARNING * * *
The orc warrior hits you with a +0 hand axe!
You die...

#...............
#...............
##.....)........
#.....(.........
##..............
##.(...........
#.o............
##oo#...........
##@##.......#####
###
##o##......###
##.####
##)##......##
##..#.## ##)##
###...#
.....#.#####)##
##..(#
##.##.#.#..÷##
....
#..###.#.#.)##
....###.#(#..#
.....#.#.#.#..#


You could see an orc knight, Urug and 2 orc warriors.

Vanquished Creatures
  Jorgrun (Orc:2)
  Rupert (Orc:2)
  A hydra (D:8)
  7 two-headed ogres
  An ogre mage (Orc:2)
  2 orc sorcerers
  A cyclops (D:11)
  An orc knight (Bailey)
  A manticore (D:8)
  A gargoyle (D:11)
  A centaur skeleton (D:11)
  A troll (Orc:2)
  A dream sheep (D:8)
  3 wyverns
  17 yaks
  Eustachio (D:5)
  2 basilisks
  A water moccasin (D:4)
  2 porcupines (D:11)
  9 orc warriors
  3 ice beasts
  11 ogres
  2 black bears
  2 phantoms
  2 necrophages
  A centaur (D:7)
  2 crocodiles (D:11)
  An elf zombie (D:9)
  4 big kobolds
  3 bullfrogs
  A wyvern zombie (D:11)
  2 water moccasin zombies
  A wyvern skeleton (D:10)
  2 scorpions
  15 wights
  3 howler monkeys (D:11)
  2 centaur zombies
  3 bullfrog zombies
  5 crimson imps
  A jelly (D:5)
  3 hounds
  15 orc priests
  A bullfrog skeleton (D:8)
  5 iguanas
  2 human skeletons (D:9)
  2 human zombies (D:9)
  2 worker ants
  10 orc wizards
  A hound skeleton (D:4)
  2 mummies (D:9)
  A worker ant zombie (D:5)
  12 gnolls (Bailey)
  8 adders
  A shadow imp (D:8)
  An adder skeleton (D:9)
  3 worms
  2 dart slugs (D:2)
  4 leopard geckos
  94 orcs
  3 ball pythons
  4 giant cockroaches
  14 hobgoblins
  7 jackals
  21 kobolds
  3 quokkas
  6 bats
  A frilled lizard (D:3)
  11 goblins
  A jackal skeleton (D:5)
  A leopard gecko skeleton (D:4)
  10 rats
372 creatures vanquished.

Vanquished Creatures (others)
  A two-headed ogre (Orc:2)
  An ugly thing (D:11)
  An orc knight (Orc:2)
  A cyclops (D:11)
  A gargoyle (D:11)
  A troll (Orc:1)
  A dream sheep (D:8)
  A hippogriff (D:11)
  2 yaks (D:11)
  A wraith (D:9)
  A porcupine (D:11)
  A sky beast (D:8)
  3 orc warriors
  2 ogres (D:9)
  2 bullfrogs
  A wyvern skeleton (D:11)
  A scorpion (D:7)
  A killer bee (D:8)
  An orc priest (Orc:1)
  2 orc wizards (Orc:2)
  A human zombie (D:9)
  2 iguanas
  2 worker ants
  A mummy (D:9)
  2 gnolls
  An adder (D:5)
  10 orcs
  2 kobolds
  2 bushes (D:11)
  4 fungi (D:11)
  22 plants (D:11)
75 creatures vanquished.

Grand Total: 447 creatures vanquished

Notes
Turn   | Place    | Note
-------+----------+-------------------------------------------
     0 | D:1      | Felnil the Mummy Fighter began the quest for the Orb.
     0 | D:1      | Reached XP level 1. HP: 18/18 MP: 1/1
    93 | D:1      | Reached XP level 2. HP: 24/24 MP: 2/2
   614 | D:1      | Reached skill level 4 in Fighting
   932 | D:2      | Reached XP level 3. HP: 28/30 MP: 3/3
  1204 | D:2      | Found an opulent altar of Gozag.
  1222 | D:2      | Found a sacrificial altar of Ru.
  1266 | D:2      | Found a basalt altar of Yredelemnul.
  1290 | D:2      | Became a worshipper of Ru the Awakened
  1426 | D:2      | Found a shattered altar of Ashenzari.
  1530 | D:3      | Found a shimmering altar of Xom.
  1530 | D:3      | Found a shimmering altar of Xom.
  1531 | D:3      | Found a shimmering altar of Xom.
  1538 | D:3      | Found a shimmering altar of Xom.
  1852 | D:3      | Reached skill level 5 in Fighting
  1852 | D:3      | Reached XP level 4. HP: 23/39 MP: 4/4
  2180 | D:3      | Reached XP level 5. HP: 46/46 MP: 5/5
  2434 | D:4      | Reached skill level 6 in Fighting
  2690 | D:4      | Noticed a water moccasin
  2748 | D:4      | Reached XP level 6. HP: 46/53 MP: 6/6
  2789 | D:4      | Gained mutation: You are hated by all. [Ru sacrifice]
  2789 | D:4      | Reached * piety under Ru
  2820 | D:4      | Reached skill level 7 in Fighting
  2877 | D:4      | Got a pair of faintly glowing boots
  2888 | D:4      | Identified the +2 pair of boots of Anegor {+Fly Int+5} (You
                  | found it on level 4 of the Dungeon)
  2952 | D:4      | Found Suuripp's Food Shoppe.
  2965 | D:4      | Killed a water moccasin
  3139 | D:4      | Reached skill level 8 in Fighting
  3409 | D:5      | Entered Level 5 of the Dungeon
  3409 | D:5      | Noticed Eustachio
  3422 | D:5      | Reached XP level 7. HP: 62/62 MP: 7/7
  3453 | D:5      | Killed Eustachio
  3601 | D:5      | Found a runed translucent gate.
  3601 | D:5      | Found a runed translucent gate.
  3607 | D:5      | Found a runed translucent gate.
  3607 | D:5      | Noticed NeAGen181's ghost (amateur HOFi)
  3624 | D:5      | Found a roughly hewn altar of Beogh.
  3781 | D:5      | Reached skill level 9 in Fighting
  3837 | D:5      | Noticed a moth of wrath
  3840 | D:5      | Found a bloodstained altar of Trog.
  4088 | D:5      | Found a staircase to the Ecumenical Temple.
  4097 | Temple   | Entered the Ecumenical Temple
  4751 | D:6      | Reached XP level 8. HP: 57/72 MP: 8/8
  4925 | D:6      | Reached skill level 10 in Fighting
  5785 | D:6      | Gained mutation: You are sensitive to extremes of
                  | temperature. (rF-, rC-) [Ru sacrifice]
  5785 | D:6      | Reached ** piety under Ru
  5785 | D:6      | Reached *** piety under Ru
  5785 | D:6      | Reached **** piety under Ru
  5947 | D:7      | Reached skill level 11 in Fighting
  6768 | D:7      | Reached XP level 9. HP: 82/82 MP: 9/9
  6832 | D:7      | Found a radiant altar of Vehumet.
  6840 | D:7      | Reached skill level 12 in Fighting
  7272 | D:8      | Noticed a manticore
  7286 | D:8      | Killed a manticore
  7479 | D:8      | Found a shadowy altar of Dithmenos.
  7481 | D:8      | Found an ancient bone altar of Kikubaaqudgha.
  7530 | D:8      | Reached skill level 13 in Fighting
  7684 | D:8      | Found a shadowy altar of Dithmenos.
  7685 | D:8      | Found a bloodstained altar of Trog.
  8432 | D:8      | Reached skill level 14 in Fighting
  8432 | D:8      | Reached XP level 10. HP: 85/94 MP: 10/10
  8505 | D:8      | Noticed a two-headed hydra
  8521 | D:8      | Killed a two-headed hydra
  8747 | D:9      | Gained mutation: You are slightly vulnerable to magic.
                  | (MR-) [Ru sacrifice]
  8747 | D:9      | Reached ***** piety under Ru
  8849 | D:9      | Noticed a two-headed ogre
  9517 | D:9      | Reached skill level 15 in Fighting
  9630 | D:9      | Found an ancient bone altar of Kikubaaqudgha.
  9803 | D:9      | Noticed a two-headed ogre
 13681 | D:9      | Killed a two-headed ogre
 13797 | D:9      | Noticed a two-headed ogre
 13802 | D:9      | Killed a two-headed ogre
 13802 | D:9      | Reached skill level 16 in Fighting
 14241 | D:9      | Killed a two-headed ogre
 14241 | D:9      | Reached XP level 11. HP: 104/104 MP: 5/11
 14292 | D:10     | Entered Level 10 of the Dungeon
 14361 | D:10     | Found a stormy altar of Qazlal.
 14475 | D:10     | Noticed a two-headed ogre
 14571 | D:10     | Killed a two-headed ogre
 14737 | D:10     | Gained mutation: You cannot study or cast Fire magic. [Ru
                  | sacrifice]
 14737 | D:10     | Gained mutation: You cannot study or cast Necromancy magic.
                  | [Ru sacrifice]
 14737 | D:10     | Gained mutation: You cannot study or cast Summoning magic.
                  | [Ru sacrifice]
 14737 | D:10     | Reached ****** piety under Ru
 18170 | D:10     | Found Kauhol's Food Boutique.
 19123 | D:11     | Reached skill level 17 in Fighting
 19266 | D:11     | Noticed a red ugly thing
 19284 | D:11     | Noticed a two-headed ogre
 19293 | D:11     | Banished a red ugly thing
 19490 | D:11     | Found a flagged portal.
 19496 | Bailey   | Entered a bailey
 19995 | Bailey   | Noticed an orc knight
 20003 | Bailey   | Killed an orc knight
 20169 | Bailey   | Identified a scroll of acquirement
 20343 | D:11     | Reached skill level 18 in Fighting
 20623 | D:11     | Killed a two-headed ogre
 20767 | D:11     | Reached XP level 12. HP: 109/116 MP: 12/12
 21107 | D:11     | Found a staircase to the Lair.
 21248 | D:11     | Found a staircase to the Orcish Mines.
 21492 | Orc:1    | Entered Level 1 of the Orcish Mines
 21537 | Orc:2    | Entered Level 2 of the Orcish Mines
 22005 | Orc:2    | Noticed Donald
 22040 | Orc:2    | Noticed a two-headed ogre
 22264 | Orc:2    | Killed a two-headed ogre
 22271 | Orc:2    | Noticed Jorgrun
 25734 | Orc:2    | Reached skill level 19 in Fighting
 25767 | Orc:2    | Noticed a two-headed ogre
 25769 | Orc:2    | Noticed an ogre mage
 25810 | Orc:2    | Banished a two-headed ogre
 29053 | Orc:2    | Found a staircase to the Elven Halls.
 29067 | Orc:2    | Noticed Rupert
 29146 | Orc:2    | Killed Rupert
 29210 | Orc:2    | Killed Jorgrun
 29409 | Orc:2    | Noticed a two-headed ogre
 29844 | Orc:2    | Killed a two-headed ogre
 29844 | Orc:2    | Reached skill level 20 in Fighting
 29878 | Orc:2    | Killed an ogre mage
 30103 | Orc:2    | Noticed Urug
 30128 | Orc:2    | HP: 6/121 [orc knight/+0 great mace (22)]
 30128 | Orc:2    | Slain by an orc warrior

Skill      XL: |  1  2  3  4  5  6  7  8  9 10 11 12 |
---------------+-------------------------------------+-----
Fighting       | 4 5 6 8 9 11 14 16 18 20 | 20.1
Short Blades   | |  1.5
Armour         | |  2.4
Shields        | |  2.4

Action                   |  1- 3 |  4- 6 |  7- 9 | 10-12 || total
-------------------------+-------+-------+-------+-------++-------
Melee: Rapier            |    35 |       |       |       ||    35
       Short sword       |    80 |   115 |   378 |   822 ||  1395
Throw: Tomahawk          |       |       |     6 |     1 ||     7
       Throwing net      |       |       |       |     2 ||     2
Invok: Sacrifice Love    |       |     1 |       |       ||     1
       Power Leap        |       |       |     3 |    18 ||    21
       Sacrifice Resista |       |       |     1 |       ||     1
       Apocalypse        |       |       |       |    12 ||    12
       Sacrifice Essence |       |       |       |     1 ||     1
       Sacrifice Arcana  |       |       |       |     1 ||     1
Evoke: Wand              |       |       |       |    14 ||    14
  Use: Scroll            |     1 |       |    11 |    12 ||    24
 Stab: Distracted        |       |       |     1 |     4 ||     5
       Invisible         |       |       |     2 |     5 ||     7
       Paralysed         |       |       |       |     3 ||     3
       Petrified         |       |       |       |     6 ||     6
Armor: Scale mail        |    19 |       |       |       ||    19
       Plate armour      |    32 |    43 |   127 |   357 ||   559
Dodge: Dodged            |    26 |     6 |    35 |   116 ||   183
Block: Shield            |    61 |    71 |   169 |   421 ||   722
       Reflection        |       |       |     7 |    16 ||    23
